 Dungeon Crawl Stone Soup version 0.30-a0-930-gb9d0489357 (webtiles) character file.

Game seed: 3085279196120944714

0 Medalis the Chiller (level 1, 0/16 HPs)
             Began as a Demigod Wanderer on Mar 23, 2023.
             Slain by a hobgoblin (2 damage)
             ... on level 1 of the Dungeon.
             The game lasted 00:00:20 (23 turns).

Medalis the Chiller (Demigod Wanderer)                Turns: 23, Time: 00:00:20

Health: 0/16       AC:  3    Str: 11    XL:     1   Next: 0%
Magic:  5/5        EV: 11    Int: 17    God:
Gold:   0          SH:  0    Dex: 12    Spells: 2/3 levels left

rFire   . . .      SeeInvis .    a - +0 dagger
rCold   . . .      Faith    .    (no shield)
rNeg    . . .      Spirit   .    d - +0 robe
rPois   .          Reflect  .    b - +0 helmet
rElec   .          Rampage  .    (no cloak)
rCorr   .                        (no gloves)
Will    .....                    (no boots)
Stlth   +                        (no amulet)
HPRegen 0.22/turn                (no ring)
MPRegen 0.09/turn                (no ring)

@: no status effects
A: high MP 1, forlorn, divine attributes
a: no special abilities


You were on level 1 of the Dungeon.
You visited 1 branch of the dungeon, and saw 1 of its levels.

Inventory:

Hand Weapons
 a - a +0 dagger (weapon)
Armour
 b - a +0 helmet (worn)
 d - a +0 robe (worn)
Scrolls
 e - a scroll of silence
Potions
 c - a potion of might


   Skills:
 + Level 1.0 Fighting
 + Level 1.0 Throwing
 + Level 1.0 Dodging
 + Level 1.7 Spellcasting
 + Level 4.5 Ice Magic


You had 2 spell levels left.
You knew the following spells:

 Your Spells              Type           Power      Damage    Failure   Level
a - Freeze                Ice            64%        1d7       3%          1

Your spell library contained the following spells:

 Spells                   Type           Power      Damage    Failure   Level
 Ice Form                 Ice/Tmut       9%         N/A       61%         4
 Summon Ice Beast         Ice/Summ       9%         N/A       61%         4


Dungeon Overview and Level Annotations

Branches:
Dungeon (1/15)


Innate Abilities, Weirdness & Mutations

You have an increased reservoir of magic. (+10% MP)
You shall have no god before yourself.
Your divine heritage dramatically boosts your attributes as you level up.


Message History

A rat comes into view.
A frilled lizard comes into view.
The rat bites you. The hobgoblin hits you.
You barely miss the hobgoblin. The hobgoblin completely misses you.
The rat bites you.
You completely miss the hobgoblin. The giant cockroach barely misses you.
The hobgoblin hits you but does no damage.
The rat misses you. The giant cockroach bites you.
The frilled lizard hisses angrily.
You hit the giant cockroach but do no damage.
The giant cockroach bites you. The rat bites you. The hobgoblin hits you.
* * * LOW HITPOINT WARNING * * *
You closely miss the hobgoblin. The giant cockroach barely misses you.
The rat bites you but does no damage. The hobgoblin hits you.
* * * LOW HITPOINT WARNING * * *
You completely miss the hobgoblin. The giant cockroach closely misses you.
The hobgoblin closely misses you. The rat bites you.
* * * LOW HITPOINT WARNING * * *
You hit the giant cockroach but do no damage.
The giant cockroach barely misses you. The hobgoblin misses you.
The rat bites you but does no damage.
You hit the giant cockroach.
The giant cockroach is lightly wounded.
The giant cockroach bites you but does no damage.
The hobgoblin misses you.
The giant cockroach bites you but does no damage.
The rat bites you but does no damage.
You hit the giant cockroach.
The giant cockroach is almost dead.
The giant cockroach closely misses you. The rat barely misses you.
The frilled lizard completely misses you.
The hobgoblin hits you but does no damage.
You barely miss the hobgoblin. The giant cockroach barely misses you.
The hobgoblin closely misses you. The frilled lizard barely misses you.
The rat bites you.
* * * LOW HITPOINT WARNING * * *
You hit the giant cockroach.
You kill the giant cockroach!
The frilled lizard barely misses you. The hobgoblin hits you.
You die...

.. . .. ..# .# .
.... . .# #.=#.# .
.#...#. .#
#.....J##.#
#..r#.##
#rg@#.######
#...#†l#...#.####
#.......#.###...#.#
##...##...# #..#..#
..#....##.#..##..##
. ...#. .##.#..#.<#
## ## # #########


You could see an endoplasm, a hobgoblin, a frilled lizard and 2 rats.

Vanquished Creatures
  A giant cockroach (D:1)
1 creature vanquished.

Notes
Turn   | Place    | Note
-------+----------+-------------------------------------------
     0 | D:1      | Medalis the Demigod Wanderer began the quest for the Orb.
     0 | D:1      | Medalis set off with the following items: a +0 dagger, a +0
                  | helmet, a potion of might, a +0 robe, a scroll of silence;
                  | and the following spell memorised: Freeze; and the
                  | following spells available to memorise: Ice Form, Summon
                  | Ice Beast.
     0 | D:1      | Reached XP level 1. HP: 16/16 MP: 5/5
    23 | D:1      | Slain by a hobgoblin

Illustrated notes

Levels and vault maps discovered:
D:1:      erik_arrival_cave_to_civilisation [erik_arrival_cave_to_hall],
          layout_basic, serial_corexii_hall, chequers_hall_statues_corner_a,
          chequers_hall_statues_y

Action                     || total
---------------------------++-------
  Melee: Dagger            ||    10
 Armour: Robe              ||     7
  Dodge: Dodged            ||    16

Table legend: (Time is in decaauts)
 A = Elapsed time spent in this place.
 B = Non-inter-level travel time spent in this place.
 C = Inter-level travel time spent in this place.
 D = Time resting spent in this place.
 E = Time spent auto-exploring this place.
 F = Levels seen in this place.
 G = Mean time per level.
                   A        B        C        D        E       F      G
               +--------+--------+--------+--------+--------+-----+--------+
         Total |     23 |     17 |      6 |      0 |      0 |   1 |   23.0 |
       Dungeon |     23 |     17 |      6 |      0 |      0 |   1 |   23.0 |
               +--------+--------+--------+--------+--------+-----+--------+

Top non-repeatable levels by time:
     D:1: 23 daAuts
